 Dungeon Crawl Stone Soup version 0.31-a0-188-g5e087ee2ca (webtiles) character file.

Game seed: 1214196061734121393

114 qw the Skirmisher (level 4, -2/25 HPs)
             Began as a Deep Elf Hunter on June 23, 2023.
             Slain by Grinder (3 damage)
             ... on level 3 of the Dungeon.
             The game lasted 00:00:31 (1521 turns).

qw the Skirmisher (Deep Elf Hunter)                 Turns: 1521, Time: 00:00:32

Health: -2/25      AC:  6    Str: 10    XL:     4   Next: 67%
Magic:  6/6        EV: 14    Int: 14    God:
Gold:   79         SH:  0    Dex: 18    Spells: 3/3 levels left

rFire   . . .        Y - +0 shortbow
rCold   . . .        (shield currently unavailable)
rNeg    . . .        a - +0 scale mail
rPois   .            (no helmet)
rElec   .            (no cloak)
rCorr   .            (no gloves)
SInv    .            (no boots)
Will    .....        (no amulet)
Stlth   +            g - +5 ring of evasion
HPRegen 0.24/turn    (no ring)
MPRegen 0.10/turn

%: no passive effects
@: no status effects
A: no striking features
a: no special abilities


You were on level 3 of the Dungeon.
You visited 1 branch of the dungeon, and saw 3 of its levels.

You collected 79 gold pieces.


   Skills:
 - Level 1.5 Fighting
 + Level 8.1 Ranged Weapons
 - Level 2.4 Dodging
 - Level 1.2 Stealth


You had 3 spell levels left.
You didn't know any spells.
Your spell library was empty.

Inventory:

Hand Weapons
 Y - a +0 shortbow (weapon)
Armour
 a - a +0 scale mail (worn)
Jewellery
 g - a +5 ring of evasion (left hand)
Scrolls
 b - a scroll of identify
Potions
 f - a potion of mutation {unknown}
 h - a potion of magic {unknown}

Dungeon Overview and Level Annotations

Branches:
Dungeon (3/15)

Altars:

Annotations:
D:3 Grinder


Message History

You shoot an arrow. The arrow closely misses the adder.
Grinder gestures at you. Pain shoots through your body!
You shoot an arrow. The arrow barely misses the adder.
You shoot an arrow.
The arrow hits the adder but does no damage.
The adder bites you but does no damage. x2
You shoot an arrow. The arrow closely misses the adder.
The adder bites you but does no damage. The adder misses you.
Grinder blinks!
You shoot an arrow.
The arrow hits the adder but does no damage.
The adder misses you.
Grinder blinks!
The adder closely misses you.
You shoot an arrow. The arrow barely misses the adder.
The adder barely misses you.
You shoot an arrow. The arrow hits the adder.
The adder is moderately wounded.
The adder bites you but does no damage. x2
You shoot an arrow. The arrow hits the adder!
The adder is almost dead.
The adder closely misses you. The adder bites you but does no damage.
You shoot an arrow.
The arrow hits the adder but does no damage.
The adder is almost dead.
The adder closely misses you.
You shoot an arrow. The arrow misses the adder.
The adder bites you but does no damage. The adder closely misses you.
You shoot an arrow. The arrow closely misses the adder.
The adder bites you.
Grinder says, "You look like you could use a good racking."
The adder bites you but does no damage.
You shoot an arrow. The arrow barely misses the adder.
The adder closely misses you. Grinder gestures at you.
You resist with significant effort.
You shoot an arrow. The arrow hits the adder!
You kill the adder!
You shoot an arrow. The arrow hits Grinder.
Grinder is lightly wounded.
Grinder hits you!
You writhe in agony.
Grinder hits you!
You writhe in agony.
You die...

.. #....^..##
<.##........#
..#.........#
............#
............#
.#..........####
#.............## ##.
#..........##..###.....
##..........##.@%......
#...).>.........5......
#..........#####.......
#..........# .......
#..........# .......
#..........# .......
##...<....## #...... .
##........# ..$... .#
####.....#


You could see Grinder.

Vanquished Creatures
  Jessica (D:2)
  Terence (D:2)
  2 adders
  A worm (D:3)
  A dart slug (D:2)
  5 endoplasms
  A giant cockroach (D:3)
  4 goblins
  4 hobgoblins
  2 jackals (D:2)
  3 quokkas (D:2)
  4 ball pythons
  3 bats
  2 frilled lizards (D:1)
  A kobold (D:2)
  5 rats
40 creatures vanquished.

Notes
Turn   | Place    | Note
-------+----------+-------------------------------------------
     0 | D:1      | qw the Deep Elf Hunter began the quest for the Orb.
     0 | D:1      | Reached XP level 1. HP: 12/12 MP: 3/3
     0 | D:1      | 0 ||| qw: Version: 0.3-a-9-g12657ce
     0 | D:1      | 0 ||| qw: Game counter: 3219
     0 | D:1      | 0 ||| qw: Always use a shield: true
     0 | D:1      | 0 ||| qw: God list: Okawaru
     0 | D:1      | 0 ||| qw: Allow faded altars: false
     0 | D:1      | 0 ||| qw: Do Orc after D:15 true
     0 | D:1      | 0 ||| qw: Do second Lair branch before Depths: true
     0 | D:1      | 0 ||| qw: Lair rune preference: random
     0 | D:1      | 0 ||| qw: Plans: Normal
     0 | D:1      | 0 ||| PLANNING D:1-11
   219 | D:1      | Reached XP level 2. HP: 16/16 MP: 4/4
   223 | D:1      | Reached skill level 6 in Ranged Weapons
   503 | D:1      | 503 ||| READING scroll labelled GIKUVAMOEH.
   504 | D:1      | 504 ||| READING scroll labelled JUOSUMP TEIW.
   505 | D:1      | 505 ||| DROPPING scroll of butterflies.
   570 | D:2      | Noticed Terence
   581 | D:2      | Killed Terence
   582 | D:2      | Reached XP level 3. HP: 16/20 MP: 5/5
   629 | D:2      | Reached skill level 7 in Ranged Weapons
  1117 | D:2      | Reached XP level 4. HP: 19/25 MP: 6/6
  1167 | D:2      | Noticed Jessica
  1172 | D:2      | Killed Jessica
  1387 | D:2      | 1387 ||| UPGRADING to +0 scale mail.
  1397 | D:2      | 1397 ||| DROPPING +0 leather armour.
  1398 | D:2      | 1398 ||| DROPPING scarf of invisibility.
  1399 | D:2      | 1399 ||| UPGRADING to +5 ring of evasion.
  1400 | D:2      | 1400 ||| READING 3 scrolls labelled SOBO WIPTUPS.
  1401 | D:2      | 1401 ||| READING 2 scrolls of identify.
  1401 | D:2      | 1401 ||| IDENTIFYING emerald potion
  1402 | D:2      | 1402 ||| DROPPING potion of lignification.
  1489 | D:3      | Reached skill level 8 in Ranged Weapons
  1506 | D:3      | Noticed Grinder
  1521 | D:3      | HP: 1/25 [Grinder (9)]
  1521 | D:3      | Slain by Grinder

Levels and vault maps discovered:
D:1:      dpeg_arrival_shelter, layout_loops_ring, chequers_garden
D:2:      layout_basic, uniq_jessica, uniq_terence
D:3:      layout_rooms, lemuel_round_altar, uniq_grinder,
          uniq_crazy_yiuf_cottage

Skill      XL: |  1  2  3  4 |
---------------+-------------+-----
Ranged Weapons | 6 7 8 |  8.1
Fighting       | |  1.5
Dodging        | |  2.4
Stealth        | |  1.2

Action                     |  1- 3 |  4- 6 || total
---------------------------+-------+-------++-------
   Fire: Shortbow          |    75 |    41 ||   116
    Use: Scroll            |     2 |     2 ||     4
 Armour: Leather armour    |     4 |       ||     4
         Scale mail        |       |     9 ||     9
  Dodge: Dodged            |    11 |    11 ||    22

Table legend:
 A = Non-vault XP
 B = Vault XP
 C = Vault XP percentage of total XP
 D = Non-vault monster count
 E = Vault monster count
 F = Vault count percentage of total count
                 A         B        C        D         E       F
            +---------+---------+-------+---------+---------+-------
      Total |      91 |      73 |  44.5 |      38 |       2 |   5.0
            +---------+---------+-------+---------+---------+-------
        D:1 |      20 |       0 |   0.0 |      14 |       0 |   0.0
        D:2 |      47 |      73 |  60.8 |      19 |       2 |   9.5
        D:3 |      24 |       0 |   0.0 |       5 |       0 |   0.0
            +---------+---------+-------+---------+---------+-------
